 Dungeon Crawl Stone Soup version 0.19.0-19-g8c6edcc (webtiles) character file.

115 Mesmaeker13 the Charmwright (level 4, 0/35 HPs)
             Began as a Demonspawn Skald on Nov 15, 2016.
             Was a Follower of Ashenzari.
             Slain by a gnoll
             ... wielding a +0 flail
              (11 damage)
             ... on level 3 of the Dungeon.
             The game lasted 00:06:12 (2298 turns).

Mesmaeker13 the Charmwright (Demonspawn Skald)      Turns: 2298, Time: 00:06:12

Health: 0/35       AC:  4    Str: 12    XL:     4   Next: 68%
Magic:  3/8        EV:  6    Int: 14    God:    Ashenzari [*.....]
Gold:   116        SH:  0    Dex: 13    Spells: 3 memorised, 3 levels left

rFire  . . .     SeeInvis .     n - +0 morningstar
rCold  . . .     Gourm    .     b - +0 leather armour
rNeg   . . .     Faith    .     (no shield)
rPois  .         Spirit   .     (no helmet)
rElec  .         Reflect  .     (no cloak)
rCorr  .         Harm     .     g - +0 pair of gloves
MR     .....                    (no boots)
Stlth  +.........               (no amulet)
                                (no ring)
                                (no ring)

@: singing (expiring), held
A: talons 1, large bone plates 1
a: Curse Item, Scrying, Renounce Religion, Stop Singing


You were on level 3 of the Dungeon.
You worshipped Ashenzari.
Ashenzari was aware of your devotion.
You were not hungry.

You visited 1 branch of the dungeon, and saw 3 of its levels.

You collected 116 gold pieces.

Inventory:

Hand Weapons
 a - a +0 falchion
 n - a +0 morningstar (weapon)
Missiles
 m - 6 javelins (quivered)
Armour
 b - a +0 leather armour (worn)
 g - a +0 pair of gloves (worn)
Jewellery
 e - an uncursed ring of ice
Wands
 k - a wand of acid (5/15)
Scrolls
 l - a scroll of blinking
 s - a scroll of teleportation {unknown}
Potions
 f - 3 potions of brilliance
 i - a potion of lignification {unknown}
 p - 2 potions of cure mutation {unknown}
Books
 c - a book of Battle

   Spells                             Type                      Level
   a - Infusion                       Charms                       1
   b - Shroud of Golubria             Charms/Translocation         2
   c - Song of Slaying                Charms                       2
   d - Spectral Weapon                Hexes/Charms                 3
   e - Regeneration                   Charms/Necromancy            3
Comestibles
 d - a bread ration
 h - a royal jelly
 j - a meat ration
 o - 9 fruits
 q - a beef jerky


   Skills:
 + Level 3.3 Fighting
 - Level 2.1 Long Blades
 + Level 0.1 Maces & Flails
 - Level 0.8 Armour
 - Level 0.8 Dodging
 + Level 2.7 Spellcasting
 + Level 3.5 Charms


You had 3 spell levels left.
You knew the following spells:

 Your Spells              Type           Power        Failure   Level  Hunger
a - Infusion              Chrm           ##..         10%         1    #......
b - Song of Slaying       Chrm           ##......     12%         2    ###....
c - Shroud of Golubria    Chrm/Tloc      #.........   24%         2    ###....


Dungeon Overview and Level Annotations

Branches:
Dungeon (3/15)

Altars:
Ashenzari
Elyvilon


Innate Abilities, Weirdness & Mutations

You have sharp toenails.
You are partially covered in large bone plates. (SH +4)


Message History

You become entangled in the net!
You struggle against the net.
The gnoll hits you but does no damage.
You struggle against the net.
The gnoll hits you with a flail. The gnoll barely misses you.
You struggle against the net.
The gnoll barely misses you. The gnoll hits you but does no damage.
You shred the net and break free! You block the gnoll's attack.
You barely miss the gnoll. You claw the gnoll, but do no damage.
The gnoll is heavily wounded.
You are no longer magically infusing your attacks.
The gnoll closely misses you. The gnoll hits you with a club.
The gnoll closely misses you. x3; The gnoll hits you with a flail.
The gnoll throws a throwing net.
The throwing net hits you.
You become entangled in the net!
You see here a throwing net.
You struggle against the net.
You struggle against the net.
Your song is almost over.
The gnoll hits you with a flail!
You die...

# # ### # ...
#.g #.# #.# #g#
#### ##
#.####### #..#
#.
#gg@....####..#
#.
#######.#.....#
#.
#.#.##.######.
#.#.##.....#..
#.#.##.###...#
#.#.##........
#.#....##.....
#.#..<.....(..
#........#...#


You could see 2 gnolls.

Vanquished Creatures
  An orc priest (D:3)
  A gnoll (D:3)
  An adder (D:3)
  An ooze (D:1)
  A worm (D:3)
  4 leopard geckos
  9 orcs (D:3)
  2 ball pythons (D:2)
  A giant cockroach (D:2)
  3 goblins
  8 hobgoblins
  A quokka (D:3)
  3 bats
  4 frilled lizards
  4 kobolds
  4 rats (D:1)
48 creatures vanquished.

Vanquished Creatures (others)
  A rat (D:2)
1 creature vanquished.

Grand Total: 49 creatures vanquished

Notes
Turn   | Place    | Note
-------+----------+-------------------------------------------
     0 | D:1      | Mesmaeker13 the Demonspawn Skald began the quest for the Orb.
     0 | D:1      | Reached XP level 1. HP: 16/16 MP: 3/3
     2 | D:1      | Noticed a gargoyle
     2 | D:1      | Noticed a naga
     4 | D:1      | Noticed a felid
     4 | D:1      | Noticed a vine stalker
     6 | D:1      | Noticed a halfling
     8 | D:1      | Noticed a human
     8 | D:1      | Noticed an octopode
    10 | D:1      | Noticed a demigod
    10 | D:1      | Noticed a ghoul
    12 | D:1      | Noticed a demonspawn
    14 | D:1      | Noticed an elf
    16 | D:1      | Noticed a centaur
    16 | D:1      | Noticed a tengu
    18 | D:1      | Noticed a minotaur
    20 | D:1      | Noticed a draconian
    20 | D:1      | Noticed a dwarf
    22 | D:1      | Noticed a vampire
    22 | D:1      | Noticed a troll
    24 | D:1      | Noticed an ogre
    24 | D:1      | Noticed a spriggan
    26 | D:1      | Noticed a formicid
    26 | D:1      | Noticed a merfolk
    47 | D:1      | Found a shattered altar of Ashenzari.
    55 | D:1      | Became a worshipper of Ashenzari the Shackled
   400 | D:1      | Gained mutation: You have sharp toenails. [demonic ancestry]
   400 | D:1      | Reached XP level 2. HP: 12/22 MP: 5/5
  1007 | D:2      | Found a white marble altar of Elyvilon.
  1029 | D:2      | Learned a level 2 spell: Song of Slaying
  1084 | D:2      | Reached * piety under Ashenzari
  1260 | D:2      | Reached XP level 3. HP: 25/28 MP: 4/6
  1684 | D:2      | Learned a level 2 spell: Shroud of Golubria
  2046 | D:3      | Gained mutation: You are partially covered in large bone plates. (SH +4) [demonic ancestry]
  2046 | D:3      | Reached XP level 4. HP: 35/35 MP: 7/7
  2152 | D:3      | Found a shattered altar of Ashenzari.
  2298 | D:3      | Slain by a gnoll

Skill      XL: |  1  2  3 |
---------------+----------+-----
Long Blades    | 2 |  2.1
Charms         | 3 |  3.5
Fighting       | 3 |  3.3
Maces & Flails | |  0.1
Armour         | |  0.8
Dodging        | |  0.8
Spellcasting   | |  2.7

Action                   |  1- 3 |  4- 6 || total
-------------------------+-------+-------++-------
Melee: Falchion          |    51 |       ||    51
       Morningstar       |    74 |    17 ||    91
       Kick              |    10 |     4 ||    14
Throw: Javelin           |     5 |       ||     5
 Cast: Infusion          |    12 |     2 ||    14
       Song of Slaying   |     1 |     2 ||     3
  Use: Scroll            |     3 |       ||     3
  Eat: Chunk             |     4 |     1 ||     5
Armor: Leather armour    |    50 |     1 ||    51
Dodge: Dodged            |    93 |    13 ||   106
Block: Other             |       |     4 ||     4
       Rpst.: Falchion   |     8 |       ||     8
